Map: Dusk Towers

Players

Miszu

  • Race: Terran Terran
  • League: Grandmaster

Siglave - Winner!

  • Race: Zerg Zerg
  • League: Master

VOD

Have the link to the VOD?

Description

Time

  • Played on: Feb. 23, 2016, 12:39 p.m.
  • Length: 5:43
Show
View Real Time Build Order
Export as new Build Order

Miszu Terran 

Build Orders: Liberator Opening 

Get SALT Encoding   

  12  0:00  SCV  
  13  0:13  SCV  
  14  0:17  Supply Depot  
  14  0:25  SCV  
  15  0:39  SCV  
  16  0:46  Barracks  
  16  0:49  Refinery  
  16  0:51  SCV  
  17  1:03  SCV  
  18  1:15  SCV  
  19  1:27  SCV  
  20  1:39  Orbital Command  
  20  1:40  Reaper  
  20  1:43  Command Center  
  21  1:53  Supply Depot  
  21  2:05  SCV  
  21  2:06  Refinery  
  22  2:17  Barracks Reactor, SCV  
  23  2:29  SCV  
  24  2:31  Factory  
  24  2:41  SCV  
  25  2:53  SCV  
  25  2:56  Orbital Command  
  26  3:00  Marine x2  
  29  3:05  SCV  
  29  3:15  Starport  
  29  3:16  Factory Tech Lab  
  29  3:17  SCV  
  30  3:24  SCV  
  31  3:27  Marine x2  
  31  3:29  SCV  
  34  3:36  SCV  
  34  3:42  SCV  
  34  3:44  Liberator  
  34  3:45  Supply Depot  
  36  3:48  SCV  
  36  3:54  SCV, Factory Tech Lab  
  37  4:00  SCV  
  37  4:01  Fusion Core  
  41  4:04  Command Center  
  41  4:06  SCV  
  41  4:08  Supply Depot  
  41  4:09  Marine x2  
  43  4:12  SCV  
  45  4:18  SCV  
  45  4:23  Refinery  
  45  4:24  Refinery, SCV  
  46  4:31  Supply Depot, SCV  
  47  4:32  Liberator  
  47  4:37  SCV  
  47  4:38  Engineering Bay x2  
  49  4:43  SCV  
  49  4:44  Marine  
  51  4:49  Barracks  
  51  4:52  Barracks  
  54  4:54  SCV  
  54  4:59  SCV  
  56  5:06  SCV  
  57  5:11  SCV  
  58  5:18  SCV  
  59  5:23  SCV  
  59  5:28  Supply Depot  
  62  5:31  SCV  
  67  5:37  Barracks Tech Lab  
  67  5:38  Barracks Tech Lab  
Show
View Real Time Build Order
Export as new Build Order

Siglave Zerg - Winner!

Build Orders: Hatch First 

Get SALT Encoding   

  12  0:01  Drone  
  13  0:13  Overlord  
  13  0:18  Drone  
  14  0:31  Drone x2  
  14  0:35  Drone  
  17  0:53  Hatchery  
  17  0:56  Drone  
  17  0:59  Extractor  
  16  1:11  Spawning Pool  
  16  1:15  Drone  
  16  1:17  Drone  
  17  1:21  Drone  
  18  1:28  Drone  
  19  1:40  Overlord  
  19  2:00  Metabolic Boost  
  19  2:02  Queen  
  19  2:04  Queen  
  19  2:06  Zergling x2  
  24  2:09  Zergling x2  
  24  2:12  Zergling x2  
  26  2:19  Drone x2  
  26  2:22  Drone  
  29  2:28  Drone  
  30  2:39  Drone x2  
  30  2:43  Queen  
  34  2:47  Drone  
  35  3:01  Hatchery  
  35  3:02  Overlord  
  35  3:03  Drone  
  35  3:04  Drone  
  36  3:26  Drone  
  38  3:27  Drone  
  38  3:31  Drone x2  
  40  3:38  Drone x2  
  42  3:44  Overlord  
  42  3:47  Overlord  
  42  3:52  Overlord  
  42  3:53  Extractor  
  41  3:59  Overlord x2  
  41  4:02  Queen  
  43  4:07  Baneling Nest, Drone  
  43  4:08  Drone x4  
  47  4:15  Drone x3  
  50  4:25  Overlord  
  50  4:26  Zergling x2  
  50  4:27  Zergling x12  
  57  4:36  Zergling x4  
  57  4:37  Zergling x2  
  60  4:46  Zergling x6  
  60  4:50  Zergling x6  
  66  4:57  Zergling x2  
  66  4:58  Zergling x2  
  67  5:03  Zergling x2  
  68  5:08  Zergling x4  
  68  5:09  Hatchery  
  68  5:10  Zergling x6  
  72  5:15  Baneling  
  72  5:16  Baneling x13  
  72  5:17  Zergling x4  
  73  5:24  Spore Crawler  
  73  5:28  Spore Crawler  
Tags
 
Add a new tag
Caveats
  • Supply blocks, unpowered buildings, or Contaminate may cause inaccurate times.
  • Supply counts are checked every 10 seconds.